 Dungeon Crawl Stone Soup version 0.28.0-53-g5a82cb258f (webtiles) character file.

Game seed: 15582584648310071725

332 hawla the Firebug (level 6, 0/25 HPs)
             Began as a Felid Fire Elementalist on May 20, 2022.
             Slain by an ogre
             ... wielding a +0 giant spiked club
              (25 damage)
             ... on level 4 of the Dungeon.
             The game lasted 00:10:33 (5589 turns).

hawla the Firebug (Felid Fire Elementalist)         Turns: 5589, Time: 00:10:34

Health: 0/25       AC:  2    Str:  4    XL:     6   Next: 26%
Magic:  0/11       EV: 18    Int: 19    God:
Gold:   81         SH:  0    Dex: 16    Spells: 3/10 levels left
                                        Lives:  0   Deaths: 1

rFire   + . .      SeeInvis +     - Unarmed
rCold   x . .      Faith    .   (shield unavailable)
rNeg    + . .      Spirit   .   (armour unavailable)
rPois   .          Reflect  .   (helmet unavailable)
rElec   .          Harm     .   (cloak unavailable)
rCorr   .          Rampage  .   (gloves unavailable)
Will    .....                   (boots unavailable)
Stlth   ++........              (no amulet)
HPRegen 0.08/turn               i - ring of positive energy
MPRegen 0.12/turn               e - ring of fire

@: very slightly contaminated, quick
A: very small, claws 1, fangs 3, see invisible, speed 1, shaggy fur 2, stealthy
paws, no weapons or thrown items, no armour, multi-lived
a: no special abilities


You were on level 4 of the Dungeon.
You visited 1 branch of the dungeon, and saw 5 of its levels.

You collected 81 gold pieces.

Inventory:

Jewellery
 e - a ring of fire (right paw)
 i - a ring of positive energy (left paw)
Scrolls
 a - a scroll of fog
Potions
 b - a potion of might
 c - a potion of curing {unknown}


   Skills:
 + Level 0.4 Fighting
 + Level 3.4 Dodging
 - Level 3.1 Stealth
 + Level 1.6 Unarmed Combat
 - Level 2.8 Spellcasting
 * Level 2.9 Conjurations
 + Level 5.2 Fire Magic


You had 3 spell levels left.
You knew the following spells:

 Your Spells              Type           Power      Damage    Failure   Level
a - Foxfire               Conj/Fire      100%       2x1d9     3%          1
b - Scorch                Fire           66%        2d8       2%          2
c - Flame Wave            Conj/Fire      27%        2d7       28%         4

Your spell library contained the following spells:

 Spells                   Type           Power      Damage    Failure   Level
 Conjure Flame            Conj/Fire      27%        6-21      9%          3
 Inner Flame              Hex/Fire       18%        N/A       16%         3


Dungeon Overview and Level Annotations

Branches:
Dungeon (5/15)
 Temple: D:4-7

Altars:
Yredelemnul

Shops:
D:1 [   D:2 =*(!   D:3 (

Annotations:
D:3 2 transporters, nickcage's ghost, amateur MiAK
D:4 Blork the orc; Menkaure; Robin


Innate Abilities, Weirdness & Mutations

You have sharp claws.
You have razor-sharp teeth.
You have supernaturally acute eyesight. (SInv)
You cover ground quickly. (Speed+)
You are covered in thick fur. (AC +2)
Your paws help you pounce on unaware monsters.
You are incapable of wielding weapons or throwing items.
You cannot wear armour.
You gain extra lives every three experience levels.


Message History

Casting: Scorch (safe; 2% risk of failure)
Confirm with . or Enter, or press ? or * to list all spells.
You feel a surge of power!
You conjure some foxfire!
Casting: Foxfire (safe; 3% risk of failure)
Confirm with . or Enter, or press ? or * to list all spells.
You feel a surge of power!
You conjure some foxfire!
The foxfire hits the ogre but does no damage.
The foxfire hits the ogre!
The ogre is moderately wounded.
Casting: Foxfire (safe; 3% risk of failure)
Confirm with . or Enter, or press ? or * to list all spells.
You feel a surge of power!
You conjure some foxfire!
The foxfire hits the ogre.
The ogre is heavily wounded.
The foxfire hits the ogre but does no damage.
The ogre is heavily wounded.
Casting: Foxfire (safe; 3% risk of failure)
Confirm with . or Enter, or press ? or * to list all spells.
You feel a surge of power!
You miscast Scorch.
You are very lightly contaminated with residual magic.
Nothing appears to happen.
The foxfire hits the ogre.
The ogre is heavily wounded.
The foxfire hits the ogre.
The ogre is severely wounded.
Casting: Scorch (safe; 2% risk of failure)
Confirm with . or Enter, or press ? or * to list all spells.
You feel a surge of power!
You miscast Foxfire.
Nothing appears to happen.
Casting: Foxfire (safe; 3% risk of failure)
Confirm with . or Enter, or press ? or * to list all spells.
You feel a surge of power!
You conjure some foxfire!
The ogre closely misses you.
Casting: Foxfire (safe; 3% risk of failure)
Confirm with . or Enter, or press ? or * to list all spells.
You feel a surge of power!
You conjure some foxfire!
The foxfire hits the ogre but does no damage.
The ogre is severely wounded.
The foxfire hits the ogre but does no damage.
The ogre is severely wounded.
The ogre hits you with a +0 giant spiked club!!
Ouch! That really hurt!
You die...

#....)........##.####8..
######.......[......##..
#.........#.######8
###....##.#.....###
#....##.#####.#.#
#.............#..
###.............#.#
#§v............##.#
#§@O..............#
#v......#####....##
#.......# #....##
#...###.# #....# #...#
#.#####....# #...#
#..........# #...#
#........### #####
#...O....# #........#


You could see an ogre (ally target).

Vanquished Creatures
  A necrophage (D:4)
  An ogre (D:4)
  A scorpion (D:4)
  Natasha (twice) (D:3)
  5 gnolls
  An adder (D:4)
  2 worms
  4 orcs (D:4)
  10 ball pythons
  8 bats
  10 endoplasms
  A giant cockroach (D:2)
  10 goblins
  7 hobgoblins
  5 jackals
  3 quokkas
  5 frilled lizards
  10 kobolds
  5 rats
91 creatures vanquished.

Vanquished Creatures (others)
  169 foxfires
169 creatures vanquished.

Grand Total: 260 creatures vanquished

Notes
Turn   | Place    | Note
-------+----------+-------------------------------------------
     0 | D:1      | hawla the Felid Fire Elementalist began the quest for the
                  | Orb.
     0 | D:1      | Reached XP level 1. HP: 7/7 MP: 4/4
   142 | D:1      | Reached skill level 3 in Fire Magic
   142 | D:1      | Reached XP level 2. HP: 5/11 MP: 0/6
   145 | D:1      | Learned a level 2 spell: Scorch
  1011 | D:1      | Reached skill level 1 in Conjurations
  1270 | D:1      | Found Zeosefet's Antique Armour Shoppe.
  1302 | D:1      | Reached XP level 3. HP: 14/14 MP: 4/7
  1603 | D:2      | Found Gihanurecs's Antique Weapon Shoppe.
  2437 | D:2      | Found Xikiuv's Assorted Antiques.
  2515 | D:2      | Found Ucakoj's Distillery.
  3015 | D:2      | Reached XP level 4. HP: 9/18 MP: 3/9
  3020 | D:2      | Learned a level 4 spell: Flame Wave
  3228 | D:2      | Found Mees's Jewellery Shoppe.
  3359 | D:3      | Noticed Natasha
  3362 | D:3      | Killed Natasha
  3492 | D:3      | Noticed Natasha
  4007 | D:3      | Found a transporter.
  4016 | D:3      | Found Ymmir's Weapon Shop.
  4037 | D:3      | Found a transporter.
  4040 | D:3      | Noticed nickcage's ghost (amateur MiAK)
  4197 | D:3      | Found a basalt altar of Yredelemnul.
  4477 | D:3      | Killed Natasha
  4478 | D:3      | Reached skill level 1 in Unarmed Combat
  4478 | D:3      | Reached skill level 4 in Fire Magic
  4747 | D:4      | Noticed a scorpion
  4753 | D:4      | Killed a scorpion
  4754 | D:4      | Reached XP level 5. HP: 21/21 MP: 2/10
  4894 | D:4      | Noticed Robin
  4920 | D:4      | Succumbed to a scorpion's poison
  4921 | D:4      | Reached XP level 4. HP: 0/18 MP: 9/9
  4991 | D:5      | Entered Level 5 of the Dungeon
  4994 | D:5      | Noticed a gnoll sergeant
  5121 | D:4      | Noticed Blork the orc
  5125 | D:4      | Noticed Menkaure
  5219 | D:4      | Noticed a necrophage
  5224 | D:4      | Killed a necrophage
  5225 | D:4      | Reached XP level 5. HP: 21/21 MP: 3/10
  5251 | D:4      | Noticed an ogre
  5255 | D:4      | Killed an ogre
  5256 | D:4      | Reached skill level 5 in Fire Magic
  5256 | D:4      | Gained mutation: You are covered in thick fur. (AC +2)
                  | [Felid growth]
  5256 | D:4      | Reached XP level 6. HP: 25/25 MP: 4/11
  5589 | D:4      | Slain by an ogre

Illustrated notes

Levels and vault maps discovered:
D:1:      amcnicky_arrival_blooded_trapdoor, layout_basic, serial_shops,
          nicolae_shop_statue_plus, minivault_14
D:2:      minmay_razor_zed, layout_basic, serial_shops,
          nicolae_shop_advertising_works [nicolae_subvault_shop_adworks],
          nicolae_shop_statue_plus, shop, nicolae_lakefront_shop,
          chequers_arboretum
D:3:      layout_basic, mainiacjoe_overflow_surrounded_room, serial_shops, shop,
          gammafunk_ghost_stat_death, uniq_natasha
D:4:      layout_basic, dk_noncrumbling_4, interstate_on_off, uniq_robin,
          uniq_blork_the_orc, uniq_menkaure
D:5:      layout_rooms, minmay_temple_entry_proselytizer, ebering_ghost_gozag,
          uniq_pikel, uniq_sigmund

Skill      XL: |  1  2  3  4  5 |
---------------+----------------+-----
Fire Magic     | 3 4 5 |  5.2
Stealth        | 3 |  3.1
Conjurations   | 1 2 |  2.9
Unarmed Combat | 1 |  1.6
Dodging        | 3 |  3.4
Fighting       | |  0.4
Spellcasting   | |  2.8

Action                   |  1- 3 |  4- 6 || total
-------------------------+-------+-------++-------
Melee: Unarmed           |    56 |    20 ||    76
       Bite              |     6 |     1 ||     7
       Punch             |     1 |       ||     1
 Cast: Foxfire           |    51 |    57 ||   108
       Scorch            |    18 |    20 ||    38
  Use: Scroll            |     2 |     5 ||     7
       Potion            |       |     4 ||     4
 Stab: Sleeping          |     5 |     1 ||     6
Armor: Skin              |     5 |     4 ||     9
Dodge: Dodged            |    88 |    27 ||   115
